 Dungeon Crawl Stone Soup version 0.30-a0-634-g8abc85282e (webtiles) character file.

Game seed: 8832033758551646831

7296 Dartaoz the Cleaver (level 11, -21/97 HPs)
             Began as a Hill Orc Fighter on Jan 14, 2023.
             Was a Follower of Beogh.
             Demolished by a red devil
             ... wielding a +1 demon trident of venom
             ... summoned by a kobold demonologist
              (25 damage)
             ... on level 10 of the Dungeon.
             The game lasted 00:24:15 (9873 turns).

Dartaoz the Cleaver (Hill Orc Fighter)              Turns: 9873, Time: 00:24:16

Health: -21/97     AC:  0    Str: 24      XL:     11   Next: 13%
Magic:  14/14      EV:  8    Int:  8      God:    Beogh [*.....]
Gold:   574        SH:  5    Dex:  6 (10) Spells: 10/10 levels left

rFire   . . .      SeeInvis +    R - +1 war axe (freeze)
rCold   . . .      Faith    .    c - +0 buckler
rNeg    . . .      Spirit   .    l - +0 chain mail
rPois   .          Reflect  .    (no helmet)
rElec   .          Harm     .    w - +0 cloak
rCorr   .          Rampage  .    f - +0 pair of gloves
Will    .....                    L - +1 pair of boots Stlth
                                 (no amulet)
HPRegen 0.36/turn                m - ring of see invisible
MPRegen 0.14/turn                J - ring of flight

@: lethally poisoned (-21 -> -47), spiked, corroded, flying
A: no striking features
a: Renounce Religion


You were on level 10 of the Dungeon.
You worshipped Beogh.
Beogh was aware of your devotion.
You visited 1 branch of the dungeon, and saw 10 of its levels.
You also visited: Ossuary.

You collected 644 gold pieces.
You spent 70 gold pieces at shops.

Inventory:

Hand Weapons
 a - a +0 war axe
 K - the +0 morningstar "Hydra's Regret" {heavy, *Rage Fly rPois Int+6}
   (You found it on level 10 of the Dungeon)

   Int:       It affects your intelligence (+6).
   rPois:     It protects you from poison.
   Fly:       It grants you flight.
   *Rage:     It berserks you when you make melee attacks (+20% chance).
 R - a +1 war axe of freezing (weapon)
Armour
 b - a +0 scale mail
 c - a +0 buckler (worn)
 f - a +0 pair of gloves (worn)
 l - a +0 chain mail (worn)
 w - a +0 cloak (worn)
 L - a +1 pair of boots (worn)
Jewellery
 m - a ring of see invisible (left hand)
 p - a ring of protection from cold
 G - a ring of wizardry
 J - a ring of flight (right hand)
Wands
 r - a wand of polymorph (9)
 H - a wand of flame (30)
 M - a wand of digging (3)
 N - a wand of charming (13)
 O - a wand of iceblast (10)
 Q - a wand of mindburst (16)
Scrolls
 h - a scroll of butterflies {unknown}
 i - a scroll of poison {unknown}
 k - 2 scrolls of silence
 n - a scroll of amnesia
 o - 3 scrolls of teleportation
 s - 3 scrolls of noise
 t - a scroll of immolation
 v - a scroll of enchant weapon {unknown}
 y - a scroll of acquirement {unknown}
 z - a scroll of fog {unknown}
 A - 2 scrolls of vulnerability
 C - a scroll of torment {unknown}
 E - a scroll of magic mapping {unknown}
 F - a scroll of enchant armour {unknown}
 S - a scroll of brand weapon {unknown}
Potions
 d - 2 potions of might
 e - a potion of resistance
 g - 2 potions of haste
 j - 3 potions of heal wounds
 q - 4 potions of brilliance
 u - 4 potions of mutation
 x - 7 potions of curing
 B - 3 potions of flight
 D - 2 potions of ambrosia
 I - a potion of degeneration
 P - 2 potions of cancellation {unknown}


   Skills:
 + Level 9.5 Fighting
 + Level 13.6 Axes
 + Level 8.7 Armour
 + Level 8.7 Shields
 + Level 5.0 Invocations


You had 10 spell levels left.
You didn't know any spells.
Your spell library contained the following spells:

 Spells                   Type           Power      Damage    Failure   Level
 Apportation              Tloc           0%         N/A       97%         1
 Magic Dart               Conj           0%         1d3       97%         1
 Necrotise                Necr           0%         1d4       97%         1
 Summon Small Mammal      Summ           0%         N/A       97%         1
 Call Imp                 Summ           0%         N/A       99%         2
 Cigotuvi's Dreadful Rot  Necr/Pois/Air  0%         N/A       99%         2
 Poisonous Vapours        Pois/Air       0%         N/A       99%         2
 Dazzling Flash           Conj/Hex       0%         N/A       100%        3
 Mephitic Cloud           Conj/Pois/Air  0%         N/A       100%        3
 Portal Projectile        Hex/Tloc       0%         N/A       100%        3
 Tukima's Dance           Hex            0%         N/A       100%        3
 Iskenderun's Mystic Bla  Conj/Tloc      0%         2d3       100%        4
 Passage of Golubria      Tloc           0%         N/A       100%        4
 Alistair's Intoxication  Tmut/Pois      0%         N/A       100%        5
 Blade Hands              Tmut           0%         N/A       100%        5
 Silence                  Hex/Air        0%         N/A       100%        5
 Starburst                Conj/Fire      0%         6d3       100%        6
 Lehudib's Crystal Spear  Conj/Erth      0%         10d2      100%        8


Dungeon Overview and Level Annotations

Branches:
Dungeon (10/15)            Temple (0/1) D:5            Lair (0/5) D:9
    Orc (0/2) D:9         Ossuary (visited)

Altars:
Dithmenos
Makhleb
Ru
Uskayaw
Wu Jian
The Shining One
Beogh

Shops:
D:7 (*

Annotations:
D:10 Fannar


Message History

You block the quasit's attack.
The quasit claws you but does no damage.
You block the orange demon's attack.
The red devil hits you with a +1 demon trident of venom!
Barbed spikes become lodged in your body.
The quasit bites you but does no damage.
The quasit claws you but does no damage. x2
The white imp spits at you. The rust devil hits you!
The rust devil corrodes you!
You hit the kobold demonologist but do no damage.
You slash the quasit! You freeze the quasit.
You kill the quasit!
The quasit disappears in a puff of smoke!
You hit the quasit but do no damage. You barely miss the red devil.
You closely miss the rust devil.
You feel very sick.
The kobold demonologist hits you with a +0 dagger.
The quasit bites you.
You feel clumsy. You block the quasit's attack.
The quasit completely misses you. The orange demon stings you from afar!
You are more poisoned.
The orange demon poisons you! The red devil closely misses you.
You barely miss the kobold demonologist.
You barely miss the quasit. You completely miss the red devil.
You hit the rust devil but do no damage.
You feel very sick. The quasit bites you.
* * * LOW HITPOINT WARNING * * *
The quasit claws you.
* * * LOW HITPOINT WARNING * * *
The quasit barely misses you. The rust devil hits you!
* * * LOW HITPOINT WARNING * * *
The rust devil corrodes you!
The kobold demonologist hits you with a +0 dagger.
* * * LOW HITPOINT WARNING * * *
The orange demon stings you from afar!
* * * LOW HITPOINT WARNING * * *
The red devil hits you with a +1 demon trident of venom!!
You die...

#...############..#######
##...............>).......
..........................
#####..#########...####### #..#
#...# #..# #...# #..#
#5..######## ###
#..#########4K......... ...
...........)@ยง4........ ###
#######...4.5.........
#.############## ############.#
.D...........####################
................................#
................................#
................................#
................................#


You could see an orange demon (summoned), a rust devil (summoned), a kobold
demonologist, a red devil (summoned), a quasit (summoned) and a white imp
(summoned).

Vanquished Creatures
  A two-headed ogre (D:9)
  10 yaks (D:8)
  2 wargs (D:9)
  A water moccasin (D:9)
  3 ice beasts
  5 orc warriors
  2 sky beasts
  An ogre (D:9)
  3 centaurs
  2 phantoms
  4 bullfrogs
  2 kobold brigands
  16 scorpions
  3 water moccasin zombies (D:5)
  8 wights
  3 killer bees (D:9)
  A howler monkey (D:6)
  An electric eel (D:8)
  4 centaur zombies
  3 human zombies (Ossuary)
  4 jellies
  2 centaur skeletons (D:5)
  A gnoll bouda (D:7)
  2 hounds
  3 orc priests
  Crazy Yiuf (D:6)
  A bullfrog skeleton (D:5)
  5 iguanas
  3 scorpion zombies
  7 orc wizards
  3 mummies (Ossuary)
  A howler monkey zombie (D:5)
  Robin (D:3)
  8 adders
  4 gnolls (D:7)
  4 shadow imps
  2 white imps
  5 ufetubi
  An adder zombie (D:5)
  6 dart slugs
  27 orcs
  4 ball pythons
  13 endoplasms
  4 giant cockroaches
  9 hobgoblins
  2 jackals (D:4)
  10 kobolds
  2 quokkas
  8 bats
  3 frilled lizards
  3 gnoll zombies (Ossuary)
  11 goblins
  A hobgoblin zombie (Ossuary)
  2 kobold zombies (Ossuary)
  3 orc zombies (Ossuary)
  7 rats
248 creatures vanquished.

Vanquished Creatures (others)
  A plant (D:9)
  5 toadstools (D:1)
6 creatures vanquished.

Grand Total: 254 creatures vanquished

Notes
Turn   | Place    | Note
-------+----------+-------------------------------------------
     0 | D:1      | Dartaoz the Hill Orc Fighter began the quest for the Orb.
     0 | D:1      | Reached XP level 1. HP: 19/19 MP: 1/1
    39 | D:1      | Reached skill level 3 in Axes
    70 | D:1      | Found a faded altar of an unknown god.
    92 | D:1      | Reached XP level 2. HP: 26/26 MP: 2/2
   162 | D:1      | Reached skill level 4 in Axes
   694 | D:2      | Reached XP level 3. HP: 31/31 MP: 3/3
   971 | D:2      | Reached skill level 5 in Axes
  1197 | D:2      | Reached XP level 4. HP: 36/39 MP: 4/4
  1280 | D:2      | Reached skill level 6 in Axes
  1741 | D:3      | Found a shadowy altar of Dithmenos.
  1860 | D:3      | Reached XP level 5. HP: 39/45 MP: 5/5
  2036 | D:3      | Found a burning altar of Makhleb.
  2284 | D:3      | Noticed Robin
  2293 | D:3      | Killed Robin
  2294 | D:3      | Reached skill level 7 in Axes
  2511 | D:4      | Identified the +5 chain mail "Luimim" {rC+}
  2604 | D:4      | Noticed a phantom
  2617 | D:4      | Killed a phantom
  2618 | D:4      | Reached skill level 8 in Axes
  2618 | D:4      | Reached XP level 6. HP: 29/51 MP: 6/6
  2866 | D:4      | Found a sand-covered staircase.
  2898 | Ossuary  | Entered an ossuary
  2960 | Ossuary  | Reached skill level 9 in Axes
  2970 | Ossuary  | Reached XP level 7. HP: 55/57 MP: 7/7
  3012 | Ossuary  | Reached skill level 10 in Axes
  3173 | Ossuary  | Reached XP level 8. HP: 59/67 MP: 8/8
  3252 | Ossuary  | Reached skill level 5 in Fighting
  3915 | D:5      | Entered Level 5 of the Dungeon
  3923 | D:5      | Reached skill level 5 in Armour
  3924 | D:5      | Reached skill level 5 in Shields
  3972 | D:5      | Reached skill level 11 in Axes
  4069 | D:5      | Found a glowing golden altar of the Shining One.
  4153 | D:5      | Reached XP level 9. HP: 58/75 MP: 9/9
  4389 | D:5      | Found a staircase to the Ecumenical Temple.
  4596 | D:5      | Found a hide-covered altar of Uskayaw.
  4662 | D:5      | Found an ornate altar of the Wu Jian Council.
  5406 | D:6      | Found a sacrificial altar of Ru.
  5460 | D:6      | Found a runed translucent door.
  5461 | D:6      | Noticed Crazy Yiuf
  5576 | D:6      | Killed Crazy Yiuf
  5725 | D:7      | Found Bolaz's Assorted Antiques.
  5737 | D:7      | Reached skill level 12 in Axes
  5778 | D:7      | Bought a scroll of identify for 70 gold pieces
  6121 | D:7      | Found Xuroivir's Antique Weapon Boutique.
  6147 | D:7      | Reached XP level 10. HP: 59/86 MP: 10/10
  6314 | D:7      | Found a roughly hewn altar of Beogh.
  6315 | D:7      | Became a worshipper of Beogh the Brigand
  6946 | D:8      | Reached skill level 1 in Invocations
  7550 | D:8      | Reached skill level 13 in Axes
  8178 | D:9      | Reached * piety under Beogh
  8191 | D:9      | Found a staircase to the Lair.
  8503 | D:9      | Found a staircase to the Orcish Mines.
  8802 | D:9      | Noticed a two-headed ogre
  8851 | D:9      | Killed a two-headed ogre
  8852 | D:9      | Reached XP level 11. HP: 97/97 MP: 14/14
  9234 | D:10     | Entered Level 10 of the Dungeon
  9304 | D:10     | Identified the +0 morningstar "Hydra's Regret" {heavy,
                  | *Rage Fly rPois Int+6}
  9467 | D:10     | Noticed Fannar
  9486 | D:10     | Noticed a two-headed ogre
  9858 | D:10     | Reached skill level 5 in Invocations
  9873 | D:10     | HP: 4/97 [orange demon[a kobold demonologist] (12)]
  9873 | D:10     | Demolished by a red devil

Illustrated notes

Levels and vault maps discovered:
D:1:      ldierk_walled_garden, layout_basic,
          hellmonk_ecumenical_altar_leap_of_faith, minmay_crystal_room
D:2:      layout_basic
D:3:      layout_loops_ring, lemuel_round_altar,
          grunt_dithmenos_smoke_and_mirrors, kennysheep_another_room, uniq_robin
D:4:      layout_loops_corners, nicolae_ossuary_entry_ruins, grunt_ministairs_13
D:5:      layout_rooms, mainiacjoe_overflow_swirl,
          eat_drink_and_be_merry_uskayaw, minmay_temple_entry_antechambers,
          serial_undead, serial_undead_c, serial_undead_d, serial_undead_f,
          serial_undead_b
D:6:      layout_loops_cross, amcnicky_altar_gilded, kennysheep_donut,
          uniq_crazy_yiuf_cottage
D:7:      layout_basic, serial_glass, glass_columns_b, glass_columns_b,
          item_on_display_a, serial_shops, shop_fountains, shop_statue,
          david_defended_altar_orc
D:8:      layout_basic, fountainhead
D:9:      layout_gridville, erik_lair_orcish_takeover, erik_orc_3,
          nicolae_figureground_pulse
D:10:     layout_long_grid, uniq_sonja, uniq_fannar

Skill      XL: |  1  2  3  4  5  6  7  8  9 10 11 |
---------------+----------------------------------+-----
Axes           | 3 4 5 6 8 9 10 11 12 13 | 13.6
Fighting       | 4 6 7 9 |  9.5
Armour         | 4 5 7 8 |  8.7
Shields        | 4 5 7 8 |  8.7
Invocations    | 4 5 |  5.0

Action                   |  1- 3 |  4- 6 |  7- 9 | 10-12 || total
-------------------------+-------+-------+-------+-------++-------
Melee: War axe           |    92 |   181 |   354 |   283 ||   910
Invok: Convert to Beogh  |       |       |       |     1 ||     1
  Use: Scroll            |       |       |     8 |    10 ||    18
       Potion            |       |       |       |     7 ||     7
Armor: Scale mail        |    15 |       |       |       ||    15
       Chain mail        |    21 |    93 |   179 |   185 ||   478
Dodge: Dodged            |    46 |    52 |   108 |   149 ||   355
Block: Buckler           |    27 |    35 |    67 |    84 ||   213

Table legend: (Time is in decaauts)
 A = Elapsed time spent in this place.
 B = Non-inter-level travel time spent in this place.
 C = Inter-level travel time spent in this place.
 D = Time resting spent in this place.
 E = Time spent auto-exploring this place.
 F = Levels seen in this place.
 G = Mean time per level.
                   A        B        C        D        E       F      G
               +--------+--------+--------+--------+--------+-----+--------+
         Total |   9906 |   9738 |    168 |    489 |   7455 |  11 |  900.5 |
       Dungeon |   9265 |   9097 |    168 |    489 |   7027 |  10 |  926.5 |
       Ossuary |    641 |    641 |      0 |      0 |    428 |   1 |  641.0 |
               +--------+--------+--------+--------+--------+-----+--------+

Top non-repeatable levels by time:
     D:9: 1600 daAuts
     D:8: 1373 daAuts
     D:6: 1015 daAuts
     D:2: 985 daAuts
     D:4: 919 daAuts
     D:5: 769 daAuts
     D:3: 732 daAuts
     D:7: 724 daAuts
     D:1: 701 daAuts
 Ossuary: 641 daAuts
    D:10: 443 daAuts
